Cogmind - Beta 15 @@@ ROGUE MODE // 2025.05.24 @ 14:45:55 Player: Demo Result: Destroyed by 42-RLW(R) with Subdweller Laser Performance ------------- Evolutions (0) 0 Regions Visited (2) 400 Robots Destroyed (11) 55 Value Destroyed (241) 241 Prototype IDs (0) 0 Alien Tech Used (0) 0 Bonus (0) 0 TOTAL SCORE: 696 Bonus ------- None Cogmind --------- Core Integrity 0/250 Matter 6/300 Energy 100/100 System Corruption 0% Temperature Cool (7) Movement Flying (55) Location -10/Subcaves Parts ------- > --- POWER (1) -------- (None) > --- PROPULSION (2) --- Makeshift Flight Unit > --- UTILITY (2) ------ Makeshift Light Armor Plating > --- WEAPON (2) ------- (None) > --- INVENTORY (5) ---- Small Storage Unit Machine Analyzer Scrap Shield Grenade Launcher Peak State ------------ > --- POWER ------------ (None) > --- PROPULSION ------- Makeshift Flight Unit > --- UTILITY ---------- Seismic Detector Makeshift Light Armor Plating > --- WEAPON ----------- Grenade Launcher > --- INVENTORY -------- Light Treads Small Storage Unit Machine Analyzer Grenade Launcher [Rating: 10] Favorites ----------- Power None Propulsion Light Treads Treads Light Treads Flight Unit Makeshift Flight Unit Utility Seismic Detector Device Seismic Detector Protection Makeshift Light Armor Plating Weapon Assault Rifle Ballistic Gun Assault Rifle Launcher Grenade Launcher Build | -11 -10 -10 ------- Run | Yrd Mat Sub Slots Evolved . | . . . Power . | . . . Propulsion . | . . . Utility . | . . . Weapon . | . . . Parts Attached 9 | 4 . 5 Power . | . . . Engine . | . . . Core . | . . . Reactor . | . . . Propulsion 3 | 2 . 1 Treads 2 | 2 . . Leg . | . . . Wheel . | . . . Hover . | . . . Flight 1 | . . 1 Utility 2 | 1 . 1 Device 1 | 1 . . Storage . | . . . Processor . | . . . Hackware . | . . . Protection 1 | . . 1 Artifact . | . . . Weapon 4 | 1 . 3 Energy Gun . | . . . Energy Cannon . | . . . Ballistic Gun 1 | 1 . . Ballistic Cannon . | . . . Launcher 3 | . . 3 Special Weapon . | . . . Impact Weapon . | . . . Slashing Weapon . | . . . Piercing Weapon . | . . . Special Melee Weapon . | . . . Unidentified Prototypes . | . . . Parts Lost 3 | . . 3 Power . | . . . Propulsion . | . . . Utility 1 | . . 1 Weapon 2 | . . 2 Highest Loss Streak 1 | . . 1 To Critical Strikes . | . . . Average Backups 4 | 2 5 4 Power . | . . . Propulsion . | . 1 . Utility 1 | . 1 1 Weapon 1 | . 2 1 Tool/Special . | . . . Unused Backups 9 | 1 4 4 Power . | . . . Propulsion 4 | . 3 1 Utility 3 | . . 3 Weapon 2 | 1 1 . Tool/Special . | . . . Average Slot Usage (%) 52 | . 57 50 Treads 22 | . 28 19 Flight 2 | . . 4 Device 13 | . 14 13 Protection 2 | . . 3 Ballistic Gun 6 | . 14 3 Launcher 3 | . . 5 Peak Build Rating 10 | 4 4 10 Average Rating 4 | 2 4 5 On Entrance 2 | . 4 4 Naked Turns . | . . . Heaviest Build 8 | 3 3 8 Greatest Support 8 | 3 3 8 Greatest Overweight (x) 2 | . . 2 Average Overweight (x) . | . . . Largest Inventory Capacity 5 | 5 5 5 Average Capacity 5 | 5 5 5 Most Carried 5 | 5 5 5 Average Carried 4 | 2 4 4 Final Capacity 5 | 5 5 5 Final Carried 5 | 5 5 5 Class Distribution -------------------- 100% | Mutant Dominant Class ---------------- Mutant | -10/Materials Mutant | -10/Subcaves Resources | -11 -10 -10 ----------- Run | Yrd Mat Sub Matter Collected 353 | 214 . 139 Remotely . | . . . Salvage Created 251 | 167 . 84 Parts 27 | 22 . 5 Haulers Intercepted . | . . . Recyclers Shooed 1 | 1 . . Parts Field Recycled . | . . . Retrieved Matter . | . . . Parts Self-Destructed . | . . . Prevented . | . . . Kills | -11 -10 -10 ------- Run | Yrd Mat Sub Combat Hostiles Destroyed 5 | . . 5 AOE 5 | . . 5 Classes Destroyed 4 | 2 . 2 Tunneler 5 | 5 . . Recycler 1 | 1 . . Cobbler 1 | . . 1 Subdweller 5 | . . 5 Best Kill Streak 4 | 4 . 3 Combat Bots Only 3 | . . 3 Max Kills in Single Turn 2 | 1 . 2 Gunslinging . | . . . Exploded 1 | . . 1 Melee . | . . . Uniques/NPCs Destroyed . | . . . Combat | -11 -10 -10 -------- Run | Yrd Mat Sub Hostile Shots Fired 44 | . . 44 Missed 16 | . . 16 Hits 28 | . . 28 Projectile 28 | . . 28 AOE 6 | . . 6 Critical Strikes 1 | . . 1 Damage Taken 831 | . . 831 Core 266 | . . 266 Absorbed by Shields . | . . . Core Remaining (%) 100 | 100 . . Volleys Fired 35 | 14 . 21 Largest 2 | 1 . 2 Hottest 60 | 20 . 60 Shots Fired 44 | 14 . 30 Gun 14 | 14 . . Cannon . | . . . Launcher 30 | . . 30 Special . | . . . Kinetic 14 | 14 . . Thermal . | . . . Explosive 30 | . . 30 Electromagnetic . | . . . Robot Hit Streak 13 | 8 . 13 Robot Miss Streak 1 | 1 . 1 Penetration Max . | . . . Secondary Targets . | . . . Shots Hit Robots 23 | 11 . 12 Core Hits 25 | 7 . 18 Critical Kills . | . . . Critical Parts Destroyed . | . . . Critical Strikes . | . . . Melee Attacks . | . . . Impact . | . . . Slashing . | . . . Piercing . | . . . Sneak Attacks . | . . . Combat Hostiles . | . . . Follow-up Attacks . | . . . Damage Inflicted 1362 | 140 . 1222 Guns 140 | 140 . . Cannons . | . . . Explosions 1222 | . . 1222 Melee . | . . . Ramming . | . . . Kinetic 140 | 140 . . Thermal . | . . . Explosive 1222 | . . 1222 Electromagnetic . | . . . Impact . | . . . Slashing . | . . . Piercing . | . . . Highest Corruption . | . . . Average Corruption . | . . . Corruption Purged . | . . . Corruption Blocked . | . . . Overload Shots . | . . . Overflow Damage . | . . . Projectiles . | . . . Explosions . | . . . Melee . | . . . Knockbacks . | . . . Impact . | . . . Kinetic . | . . . Secondary . | . . . Self-Inflicted Damage 6 | . . 6 Shots 1 | . . 1 Rammed . | . . . Targets Rammed . | . . . Kicked . | . . . Crushed . | . . . Highest Temperature . | . . . Average Temperature . | . . . Received Heat Transfer 156 | . . 156 Siege Activations . | . . . Martial Activations . | . . . Shielding Activations . | . . . Robots Disrupted . | . . . Combat Hostiles . | . . . Robots Corrupted . | . . . Combat Hostiles . | . . . Parts Fried . | . . . Impact Corruptions . | . . . Robots Melted . | . . . Combat Hostiles . | . . . Parts Melted . | . . . Heat Transferred . | . . . Parts Sabotaged . | . . . Parts Stolen . | . . . Parts Stripped . | . . . Power Chain Reactions . | . . . Alert | -11 -10 -10 ------- Run | Yrd Mat Sub Maximum Alert Level . | . . . Low Security (%) 100 | 100 100 . Level 1 . | . . . Level 2 . | . . . Level 3 . | . . . Level 4 . | . . . Level 5 . | . . . High Security . | . . . Max Security . | . . . Peak Influence 15 | 15 3 . Initial 3 | . 3 . Average 1 | 3 . . Influence Increases 30 | 30 . . Destroy 0b10 Robot/NC 30 | 30 . . Influence Decreases 30 | 25 5 . Entered New Map 2 | . 2 . Time Decay 28 | 25 3 . Squads Dispatched . | . . . Investigation . | . . . Extermination . | . . . Reinforcement . | . . . Assault . | . . . Garrison . | . . . Intercept . | . . . Searches Triggered . | . . . Construction Impeded . | . . . Haulers Reinforced . | . . . Active Scanning Responses . | . . . Cargo Convoy Interrupts . | . . . Stealth | -11 -10 -10 --------- Run | Yrd Mat Sub Distress Signals . | . . . Communications Jammed . | . . . Distress Signals . | . . . Times Spotted 12 | . . 12 Peak Tracking Total 4 | . . 4 Tactical Retreats 3 | . . 3 Traps | -11 -10 -10 ------- Run | Yrd Mat Sub Traps Triggered . | . . . Indirectly . | . . . Trap Hack Attempts . | . . . Triggered . | . . . Disarmed . | . . . Reprogrammed . | . . . Reused . | . . . Traps Extracted . | . . . Installed . | . . . Triggered . | . . . Machines | -11 -10 -10 ---------- Run | Yrd Mat Sub Machines Disabled . | . . . Max in Single Turn . | . . . Machines Repaired . | . . . Machines Dismantled . | . . . Machines Sabotaged . | . . . Overloaded Fab Kills . | . . . Hacking | -11 -10 -10 --------- Run | Yrd Mat Sub Machines Accessed . | . . . Terminals . | . . . Fabricators . | . . . Repair Stations . | . . . Recycling Units . | . . . Scanalyzers . | . . . Garrison Access . | . . . Total Hacks . | . . . Successful . | . . . Failed . | . . . Catastrophic . | . . . Database Lockouts . | . . . Manual . | . . . Terminals . | . . . Fabricators . | . . . Repair Stations . | . . . Recycling Units . | . . . Scanalyzers . | . . . Garrison Access . | . . . Terminal Hacks . | . . . Fabricator Hacks . | . . . Repair Station Hacks . | . . . Recycling Unit Hacks . | . . . Scanalyzer . | . . . Garrison Access Hacks . | . . . Unauthorized Hacks . | . . . Terminals . | . . . Fabricators . | . . . Repair Stations . | . . . Recycling Units . | . . . Scanalyzers . | . . . Garrison Access . | . . . Data Cores Recovered . | . . . Used . | . . . Hacking Detections . | . . . Full Trace Events . | . . . Feedback Events . | . . . Feedback Blocked . | . . . Robot Schematics Acquired . | . . . Robots Built . | . . . Authchips . | . . . Time . | . . . Total Robot Build Rating . | . . . Part Schematics Acquired . | . . . Parts Built . | . . . Authchips . | . . . Time . | . . . Total Part Build Rating . | . . . Parts Repaired . | . . . Time . | . . . Parts Recycled . | . . . Recycled Matter . | . . . Retrieved Matter . | . . . Retrieved Components . | . . . Parts Scanalyzed . | . . . Part Schematics Acquired . | . . . Parts Damaged . | . . . Bothacking | -11 -10 -10 ------------ Run | Yrd Mat Sub Used RIF Installer . | . . . Robots Hacked . | . . . Non-combat . | . . . Combat . | . . . Robot Hacks Applied . | . . . Relay Couplers Released . | . . . Fabnet Peak Effective % . | . . . Robots Rewired . | . . . Allies Hacked . | . . . Hacks Repelled . | . . . Allies | -11 -10 -10 -------- Run | Yrd Mat Sub Total Allies . | . . . Largest Group . | . . . Highest-Rated Group . | . . . Highest-Rated Ally . | . . . Total Orders . | . . . Ally Attacks . | . . . Total Damage . | . . . Kills . | . . . Allies Corrupted . | . . . Allies Melted . | . . . Intel | -11 -10 -10 ------- Run | Yrd Mat Sub Active Infowar (turns) 461 | 7 141 313 Seismic 461 | 7 141 313 Robot Analysis Total . | . . . Derelict Logs Recovered . | . . . Drone Launches . | . . . Drone Recoveries . | . . . Exploration | -11 -10 -10 ------------- Run | Yrd Mat Sub Turns Passed 548 | 83 141 324 Spaces Moved 543 | 57 69 417 Core 424 | 57 69 298 Treads . | . . . Legs . | . . . Wheels . | . . . Hover . | . . . Flight 119 | . . 119 Fastest Speed 50 | 50 50 50 Average Speed 52 | 50 50 52 Slowest Speed 150 | 50 50 150 Overloaded Moves . | . . . Propulsion Burnouts . | . . . Robots Hopped 4 | . . 4 Potential Cave-ins . | . . . Cave-ins Triggered . | . . . Exploration Rate (%) 20 | 4 17 40 Regions Visited 2 Branch Regions 1 Pre-discovered Areas . | . . . Known Exits Taken . | . . . Unknown Exits Taken 2 | 1 1 . Scrap Searched . | . . . Spaces Dug 2 | . . 2 Terrain Destroyed 89 | . . 89 Melee . | . . . Projectile . | . . . AOE 89 | . . 89 Terrain Rammed . | . . . Walls Destroyed . | . . . Machines Disabled . | . . . Actions | -11 -10 -10 --------- Run | Yrd Mat Sub Total 761 | 96 176 489 Wait 151 | 14 100 37 Move 533 | 56 68 409 Hop 4 | . . 4 Pick Up 13 | 7 4 2 Fast Attach 5 | 3 . 2 Attach 6 | 1 . 5 Detach 4 | . . 4 Swap 1 | . . 1 Drop 9 | 1 4 4 Fire 35 | 14 . 21 Melee . | . . . Ram . | . . . Kick . | . . . Crush . | . . . Escape Stasis . | . . . Rewire . | . . . Trap . | . . . Miscellaneous . | . . . Route ------- -11/Scrapyard -10/Materials -10/Subcaves (discovered 1 exit: [*Mat]) History --------- Turn | Location | Event 9 | -11/Scrapyard | Discovered new exit (range 15) 84 | -11/Scrapyard | Entered Materials 215 | -10/Materials | Discovered new exit (range 4) 225 | -10/Materials | Entered Subcaves 226 | -10/Subcaves | Approached by a straggling Scientist 290 | -10/Subcaves | Discovered new exit (range 14) 294 | -10/Subcaves | Ambushed by Subdwellers from Twisted Machinery 324 | -10/Subcaves | Ambushed by Subdweller buried in earth 334 | -10/Subcaves | Ambushed by angry Subdweller bent on revenge 341 | -10/Subcaves | Build established: Mutant 439 | -10/Subcaves | Shifting Twisted Machinery released Mak. Flight Unit 458 | -10/Subcaves | Shifting Twisted Machinery released Mak. Light Armor Plating 477 | -10/Subcaves | Ambushed by Subdweller buried in earth 489 | -10/Subcaves | Shifting Twisted Machinery released Sub. Power Source 530 | -10/Subcaves | Core integrity fell below 50% 542 | -10/Subcaves | Core integrity fell below 20% 549 | -10/Subcaves | Destroyed by 42-RLW(R) with Subdweller Laser Last Messages --------------- Mak. Flight Unit falls loose from the Twisted Machinery. 00442_ Dropped Lgt. Treads. 00443_ Acquired Mak. Flight Unit. 00450_ Dropped Lgt. Treads. Mak. Light Armor Plating falls loose from the Twisted Machinery. 00459_ Acquired Mak. Light Armor Plating. 00460_ NS-65H(R) destroyed. 00475_ Grenade Launcher destroyed. 00478_ 42-RLW(R): "ARGHSUB!" 00481_ Dropped Lgt. Treads. 00482_ Acquired Scrap Shield. 00485_ Subatomizers dissect the Sub. Power Source. Sub. Power Source falls loose from the Twisted Machinery. 00536_ The unstable cave ceiling collapses. 00538_ Seismic Detector destroyed. 00547_ The unstable cave ceiling collapses. Map ----- +----------------------------------------------------+ | ????????????????????????????????????????????????? | | ????????????????????????????????????????????????? | | ????????????????????????????????????????????????? | | ????????????????????????????????????????????????? | | ??????????????##????????????????????????????????? | | ??????????????# #???????????????????????????????? | | ??????????????# ???????????????????????????????? | | ??????????????# ???????????????????????????????? | | ??????????????# ???????????????????????????????? | | ??????????????# ##?????????????????????????????? | | ??????????????# #?????????????????????????????? | | ??????????????# "#?????????????????????????????? | | ??????????????#"""#?????????????????????????????? | | ???????????????# ##????????????????????????????? | | ???????????????# #?????##?????????????????????? | | ???????????????# ######"??????????????????????? | | ??????????????## "" """"#????????????????????? | | ??????????????# R" """ #???????????????????? | | ??????????????##" " ###??????????????????????? | | ??????????????# " #????????????????????????? | | ??????????????# R #????????????????????????? | | ??????????????# # ######???????????????????? | | ??????????????# # # ##??????????????????? | | ??????????????# # #??????????????????? | | ??????????????###"" #??????????????????? | | ????????????????#""" @ ##??????????????????? | | ????????????????# ## ##??###??????????????? | | ????????????????## ### R ##?? ##?????????????? | | ?????????????????## ## ##?# #?????????????? | | ????????????????### # #?# ##????????????? | | ????????????????# # ### #????????????? | | ????????????????# # ### ## #????????????? | | ????????????????# ###?# # #?????????????? | | ????????????????## #???# # ##????????????? | | ????????????????? ???# #????????????? | | ????????????????? #??## #????????????? | | ????????????????# ??# #????????????? | | ???????????????? """" "" #????????????? | | ???????????????? """""" ## ####??####???? | | ???????????????? " """##" ### #???? | | ??????????????? " """" ##??# | | ??????????????? ## "" """" ## | | ???????????????####?# ""#" """" | | ?????????????????????# # """## """ | | ?????????????????????? ???????###### " | | ???????????????????????????????????#" " ## ## | | ???????????????????????????????????##" #?? #? | | ????????????????????????????????????# #??? | | ???????????????????????????????""####""" ###??? | | ??????????????????????????????""" """" #???? | +----------------------------------------------------+ Best States ------------- Heat Dissipation 25 Energy Generation 5 Energy Capacity 100 Matter Stores 264 Matter Capacity 300 Sight Range 16 Terrain Scan Density 10 Armor Coverage 100 Evasion (%) 59 Item Schematics ----------------- None Robot Schematics ------------------ None Fabricated ------------ Nothing Repaired ---------- Nothing Alien Tech Used ----------------- None Achievements -------------- None Challenges ------------ None Game ------ Seed TrapElectrostormDirector Manual? 0 Play Time 00:05:43 Cumulative 189.7 hours Start 2025.05.24 @ 14:40:51 End 2025.05.24 @ 14:45:55 Sessions 1 Manual Loads 0 Difficulty Rogue Special Mode None Game No. 215 Rogue 215 Adventurer 0 Explorer 0 Win Type - Total 1 Types 1/0/0/0/0/0/0/0/0/0 Lore% 72 Gallery% 70 Achievement% 61 Wizard Run 0 Options --------- Layout 1 ASCII 0 Keyboard 0 Movement Numpad Keybinds 0 Fullscreen 1 Font 24/Smallcaps Map View 50x35 Zoom Use 0% Tactical HUD 1 Map Filters NONE Filters NONE Steam 1 RUN: 5d01992f-db9b-42b1-9160-54c0cb3d0958